[Event "ICC tourney 2087 (3 2)"]
[Site "Internet Chess Club"]
[Date "2020.10.30"]
[Round "9"]
[White "Ben2008"]
[Black "DarwinLaylo01"]
[Result "1/2-1/2"]
[ICCResult "Game drawn by repetition"]
[WhiteElo "1455"]
[BlackElo "1710"]
[Opening "Scandinavian defense"]
[ECO "B01"]
[NIC "SD.03"]
[Time "22:00:25"]
[TimeControl "180+2"]

1. e4 d5 2. exd5 Nf6 3. Nc3 Nxd5 4. Nf3 Bg4 5. Be2 Nc6 6. O-O e6 7. d3 Be7
8. Nxd5 Qxd5 9. Bf4 Bd6 10. Qd2 O-O 11. h3 Bh5 12. Bxd6 Qxd6 13. Rfe1 Rad8
14. a3 a5 15. Nh4 Bxe2 16. Qxe2 Qd4 17. Nf3 Qxb2 18. Rab1 Qxa3 19. Rxb7 Qd6
20. Ne5 Nd4 21. Qd2 Rb8 22. Ra7 Ra8 23. Rxa5 Rxa5 24. Qxa5 Nxc2 25. Rc1 Nd4
26. Qxc7 Qa3 27. Rd1 f6 28. Nc4 Qb3 29. Ne3 f5 30. Qc4 Qb2 31. Re1 h6 32.
Nd1 Qb6 33. Nc3 Kh7 34. Ne2 Qa5 35. Kf1 Nxe2 36. Rxe2 e5 37. Qb3 Rc8 38. Qb2
Rc5 39. Re1 Qc7 40. Kg1 Qd6 41. Rd1 Qc6 42. Qe2 Qc7 43. d4 exd4 44. Rxd4 Rc2
45. Rd2 Rc1+ 46. Rd1 Rc5 47. g3 Qc6 48. Qd3 h5 49. Qd7 Qe4 50. Qd3 Qa4 51.
Qf3 Qe8 52. Kg2 g6 53. Rd5 Rxd5 54. Qxd5 Qe7 55. Qf3 h4 56. g4 fxg4 57. Qxg4
Kh6 58. Qf3 Qg5+ 59. Kh2 Qe5+ 60. Kg2 Qg5+ 61. Kh2 Qe5+ 62. Kg2 Qd4 63. Kh2
Kg5 64. Kg2 Qf4 65. Qd5+ Kh6 66. Qf3 Kg5 67. Qd5+ Kh6 68. Qf3 Kg5 69. Qd5+
Kh6 70. Qf3 Kg5 71. Qd5+ {Game drawn by repetition} 1/2-1/2

[Event "ICC tourney 2087 (3 2)"]
[Site "Internet Chess Club"]
[Date "2020.10.30"]
[Round "9"]
[White "turbopawn"]
[Black "helavir"]
[Result "1-0"]
[ICCResult "Black forfeits on time"]
[WhiteElo "2576"]
[BlackElo "2255"]
[Opening "Réti: King's Indian attack (Barcza system)"]
[ECO "A07"]
[NIC "QP.09"]
[Time "22:00:21"]
[TimeControl "180+2"]

1. Nf3 d5 2. g3 c6 3. Bg2 Bg4 4. O-O e6 5. d4 Nf6 6. Nbd2 Be7 7. Re1 O-O 8.
c3 h6 9. e4 Bh5 10. h3 a5 11. a4 Nbd7 12. e5 Ne8 13. Nb3 c5 14. Be3 Qb6 15.
dxc5 Nxc5 16. Nbd4 Nc7 17. Qe2 Bg6 18. Red1 Be4 19. Bf1 f6 20. exf6 Bxf6 21.
Ne1 e5 22. Nb5 Nxb5 23. Qxb5 Qxb5 24. Bxb5 Be7 25. Nd3 Nb3 26. Rab1 Kh8 27.
Re1 Bf6 28. Rbd1 Bf3 29. Rb1 d4 30. cxd4 Nxd4 31. Bxd4 exd4 32. Nf4 Rac8 33.
Ng6+ Kg8 34. Nxf8 Kxf8 35. Bd3 Bd5 36. Rbc1 Rb8 37. Rc5 Bc6 38. Rxa5 Be7 39.
Rf5+ Bf6 40. b3 b6 41. Re6 Bd7 42. Rexf6+ gxf6 43. Rxf6+ Kg7 44. Rg6+ Kf7
45. Rxh6 Be6 46. b4 Rc8 47. Rh4 Rc1+ 48. Kg2 Bd5+ 49. Be4 Bc4 50. Bf3 Bf1+
51. Kh2 d3 52. Rd4 Be2 53. Be4 Rd1 54. a5 bxa5 55. bxa5 Ke6 56. a6 Ke5 57.
a7 Ra1 58. Rxd3 Bxd3 59. Bxd3 Rxa7 60. Kg2 Ra3 61. Be2 Ra2 62. Bf3 Ra3 63.
h4 Kf6 64. g4 Ke5 65. Kg3 Rc3 66. h5 Rb3 67. g5 Kf5 68. g6 Kf6 69. Kf4 Rb5
70. Bg4 Rb4+ 71. Kg3 Kg5 72. f3 Kh6 73. f4 Rb3+ 74. Bf3 Rb5 75. Kg4 Rb4 76.
Kf5 Ra4 77. Ke5 Ra3 78. Bd5 Rg3 79. Kf6 Kxh5 80. g7 Rxg7 81. Bf3+ Kh4 82.
Kxg7 Kg3 83. f5 Kxf3 84. f6 Kg4 85. f7 {Black forfeits on time} 1-0

[Event "ICC tourney 2087 (3 2)"]
[Site "Internet Chess Club"]
[Date "2020.10.30"]
[Round "10"]
[White "Ben2008"]
[Black "jy2020"]
[Result "0-1"]
[ICCResult "White resigns"]
[WhiteElo "1450"]
[BlackElo "1727"]
[Opening "Sicilian: Najdorf, Lipnitzky attack"]
[ECO "B86"]
[NIC "SI.13"]
[Time "22:14:22"]
[TimeControl "180+2"]

1. e4 c5 2. Nf3 d6 3. d4 cxd4 4. Nxd4 Nf6 5. Nc3 a6 6. Bc4 e6 7. Bb3 Be7 8.
Be3 Nc6 9. O-O O-O 10. Qe2 Bd7 11. Rad1 Qc7 12. f4 b5 13. a3 Rac8 14. f5
Nxd4 15. Bxd4 e5 16. Be3 Bc6 17. Nd5 Bxd5 18. exd5 Nd7 19. Rc1 Qd8 20. c4
Bg5 21. cxb5 Bxe3+ 22. Qxe3 axb5 23. Rc6 Qf6 24. Qd3 Nc5 25. Qxb5 Rb8 26.
Rb6 Rxb6 27. Qxb6 e4 28. Ba2 Qd4+ 29. Kh1 e3 30. Qb5 Nd3 31. Bc4 Nf2+ 32.
Kg1 e2 {White resigns} 0-1

[Event "ICC tourney 2087 (3 2)"]
[Site "Internet Chess Club"]
[Date "2020.10.30"]
[Round "10"]
[White "gdavis23"]
[Black "clair"]
[Result "1-0"]
[ICCResult "Black forfeits on time"]
[WhiteElo "1741"]
[BlackElo "1227"]
[Opening "Robatsch (modern) defense"]
[ECO "B06"]
[NIC "KF.06"]
[Time "22:14:22"]
[TimeControl "180+2"]

1. e4 g6 2. h4 Bg7 3. h5 h6 4. hxg6 fxg6 5. Qg4 g5 6. Qh5+ Kf8 7. Qf3+ Ke8
8. Nc3 d6 9. d4 Nc6 10. Be3 Nxd4 11. Bxd4 Bxd4 12. O-O-O Be5 13. Qh5+ Kf8
14. Nf3 Nf6 15. Qg6 Qe8 16. Nxe5 dxe5 17. Rxh6 Qxg6 18. Rxg6 Kf7 19. Rxg5
Be6 20. f3 Rad8 21. Rxd8 Rxd8 22. Rxe5 Rh8 23. Kd2 Rh1 24. Be2 Rh2 25. g4
Bc4 26. Ke3 Be6 27. g5 Nd7 28. Ra5 a6 29. f4 Rh3+ 30. Kf2 Rh2+ 31. Kg3 Rh3+
32. Kg2 b6 33. f5 Rxc3 34. fxe6+ Kxe6 35. Bg4+ Kf7 36. Rf5+
{Black forfeits on time}
1-0

[Event "ICC tourney 2087 (3 2)"]
[Site "Internet Chess Club"]
[Date "2020.10.30"]
[Round "10"]
[White "Alec-hine"]
[Black "funplaychess"]
[Result "1-0"]
[ICCResult "Black checkmated"]
[WhiteElo "1714"]
[BlackElo "1676"]
[Opening "Trompowsky attack (Ruth, Opocenský opening)"]
[ECO "A45"]
[NIC "QP.07"]
[Time "22:14:22"]
[TimeControl "180+2"]

1. d4 Nf6 2. Bg5 Ne4 3. Bf4 d5 4. Nd2 Nxd2 5. Qxd2 c5 6. e3 e6 7. Nf3 Nc6 8.
c3 Be7 9. Bd3 O-O 10. h4 c4 11. Bc2 b5 12. e4 b4 13. h5 Qa5 14. h6 g6 15. e5
Rb8 16. O-O bxc3 17. bxc3 Bd7 18. Bg5 Ba3 19. Qf4 f5 20. exf6 Qxc3 21. Bxg6
hxg6 22. h7+ Kh8 23. f7 Be7 24. Bxe7 Nxe7 25. Ng5 Nf5 26. Qe5+ Ng7 27. Rfe1
Qd3 28. g4 c3 29. Rad1 Qxd1 30. Rxd1 c2 31. Rc1 Rb1 32. Qe3 Ba4 33. Kg2 e5
34. dxe5 d4 35. Qd2 d3 36. e6 Nxe6 37. Nxe6 Rxf7 38. Ng5 Rc7 39. Qxd3 Rxc1
40. Qd4+ Rg7 41. Qd8+ Be8 42. Qxe8+ Rg8 43. Qxg8# {Black checkmated} 1-0

[Event "ICC tourney 2087 (3 2)"]
[Site "Internet Chess Club"]
[Date "2020.10.30"]
[Round "10"]
[White "ramennoodle"]
[Black "MiamiBoy"]
[Result "1-0"]
[ICCResult "Black resigns"]
[WhiteElo "1347"]
[BlackElo "1657"]
[Opening "Réti: King's Indian attack, French variation"]
[ECO "A05"]
[NIC "QP.11"]
[Time "22:14:12"]
[TimeControl "180+2"]

1. Nf3 Nf6 2. g3 e6 3. Bg2 d5 4. O-O c5 5. d3 Be7 6. Nbd2 O-O 7. e4 Nc6 8.
Re1 a6 9. c3 b5 10. e5 Nd7 11. d4 Qc7 12. Nf1 b4 13. h4 bxc3 14. bxc3 cxd4
15. cxd4 Bb4 16. Bd2 Rb8 17. a3 Bxd2 18. Qxd2 Na5 19. Rab1 Nc4 20. Qc3 Qd8
21. Ne3 Rxb1 22. Rxb1 Ndb6 23. Nxc4 Nxc4 24. Nd2 Na5 25. Nb3 Nc4 26. Nc5 f6
27. Rb8 Qc7 28. Ra8 fxe5 29. Bh3 Qf7 30. f4 exf4 31. Rxc8 fxg3 32. Bxe6 Rxc8
33. Bxf7+ Kxf7 34. Qxg3 g6 35. Qf3+ Kg7 36. Qxd5 Nb6 37. Qb7+ {Black
resigns} 1-0

[Event "ICC tourney 2087 (3 2)"]
[Site "Internet Chess Club"]
[Date "2020.10.30"]
[Round "10"]
[White "challenger2010"]
[Black "manest"]
[Result "0-1"]
[ICCResult "White resigns"]
[WhiteElo "1925"]
[BlackElo "2687"]
[Opening "Pirc defense"]
[ECO "B07"]
[NIC "PU.08"]
[Time "22:14:57"]
[TimeControl "180+2"]

1. e4 d6 2. d4 Nf6 3. Nc3 e5 4. Nge2 Nc6 5. d5 Ne7 6. Bg5 Ng6 7. Ng3 Be7 8.
Bb5+ Bd7 9. Bxd7+ Nxd7 10. Bxe7 Nxe7 11. O-O O-O 12. Nce2 f5 13. Nxf5 Nxf5
14. exf5 Rxf5 15. Ng3 Rf8 16. c4 Qh4 17. b3 Rf7 18. Qe2 Raf8 19. Rae1 Rf4
20. f3 Nf6 21. Qe3 b6 22. Ne2 Rf5 23. Ng3 Rg5 24. Ne4 Nxe4 25. fxe4 Rxf1+
26. Rxf1 Qg4 27. Qf3 Qxf3 28. Rxf3 Rg4 29. Re3 Rf4 30. g3 Rf8 31. Kg2 Rb8
32. Rc3 Kf7 33. Kf2 Ke7 34. Ke2 h5 35. Rf3 g6 36. Kd3 a6 37. Kc3 Rh8 38. h4
Rg8 39. b4 g5 40. hxg5 Rxg5 41. Kd3 Rg4 42. Ke3 Ke8 43. a3 Ke7 44. Kd3 Kd7
45. Rf7+ Kc8 46. Rf3 Kb7 47. Re3 b5 48. c5 dxc5 49. bxc5 a5 50. Ke2 h4 51.
gxh4 Rxh4 52. Kf3 b4 53. axb4 axb4 54. Kg3 Rf4 55. Kg2 Ka6 56. Kg3 Kb5 57.
d6 cxd6 58. cxd6 Kc6 59. Rd3 Kd7 60. Rd5 Rxe4 61. Kf3 Rc4 62. Ke3 e4 63. Rd1
b3 64. Rb1 Rb4 65. Rb2 Kxd6 66. Rb1 Kc5 67. Rc1+ Rc4 68. Rb1 Kb4 69. Kd2
Rc2+ 70. Ke3 b2 71. Kxe4 Kb3 72. Kd3 Rc1 73. Rxb2+ Kxb2 {White resigns} 0-1

[Event "ICC tourney 2087 (3 2)"]
[Site "Internet Chess Club"]
[Date "2020.10.30"]
[Round "10"]
[White "spellking98"]
[Black "IndianTerritory"]
[Result "0-1"]
[ICCResult "White forfeits on time"]
[WhiteElo "1764"]
[BlackElo "1764"]
[Opening "Caro-Kann: exchange variation"]
[ECO "B13"]
[NIC "CK.02"]
[Time "22:14:11"]
[TimeControl "180+2"]

1. d4 c6 2. e4 d5 3. exd5 cxd5 4. Bf4 Nc6 5. c3 Bf5 6. Nd2 Qb6 7. Qb3 Qxb3
8. axb3 Nf6 9. Ngf3 Nh5 10. Be3 Nf6 11. h3 e6 12. Bf4 Be7 13. Be2 O-O 14.
O-O Ne4 15. b4 Bd6 16. Bxd6 Nxd6 17. b5 Ne7 18. Ne5 f6 19. Nd7 Rfd8 20. Nc5
e5 21. g4 Bg6 22. Ne6 Rdc8 23. dxe5 fxe5 24. Nf3 Bf7 25. Neg5 Ng6 26. Nxf7
Nxf7 27. Rfd1 Nf4 28. Bf1 Rf8 29. Kh2 Kh8 30. Kg3 g5 31. h4 gxh4+ 32. Nxh4
Nd6 33. f3 h5 34. Ng2 hxg4 35. fxg4 Ne4+ 36. Kh2 Nf2 37. Nxf4 Rxf4 38. Rxd5
Nxg4+ 39. Kh1 Ne3 40. Rxe5 Nxf1 41. Re7 Rg8 {White forfeits on time} 0-1

[Event "ICC tourney 2087 (3 2)"]
[Site "Internet Chess Club"]
[Date "2020.10.30"]
[Round "10"]
[White "aplusk"]
[Black "TjkTiger"]
[Result "0-1"]
[ICCResult "White forfeits on time"]
[WhiteElo "2655"]
[BlackElo "2375"]
[Opening "Czech Benoni defense"]
[ECO "A56"]
[NIC "OI.05"]
[Time "22:14:13"]
[TimeControl "180+2"]

1. d4 Nf6 2. c4 c5 3. d5 e5 4. Nc3 d6 5. e4 Nbd7 6. Bd3 a6 7. Nge2 Be7 8. a4
Nf8 9. h3 h5 10. Be3 h4 11. Qd2 Nh5 12. Rb1 a5 13. Nb5 Nh7 14. g4 hxg3 15.
fxg3 O-O 16. g4 Bh4+ 17. Kd1 Ng3 18. Nxg3 Bxg3 19. Kc2 Bh4 20. Rbg1 Ng5 21.
Rf1 Bd7 22. Kb1 Bxb5 23. axb5 Nh7 24. Rfg1 Ng5 25. Qe2 a4 26. Ka2 a3 27. b3
g6 28. Rf1 Kg7 29. Bc2 Qe7 30. Bd2 b6 31. Qg2 Nh7 32. Bd3 Ng5 33. Bc3 f6 34.
Qg1 Rh8 35. Rh2 Rhf8 36. b4 cxb4 37. Bxb4 Qc7 38. Qe3 Ra4 39. Rb1 Nf7 40.
Rc2 Bg5 41. Qf2 Rh8 42. Bf1 Bf4 43. Rb3 Ng5 44. Bg2 Rha8 45. h4 Nf7 46. Bf3
Rh8 47. Rb1 Nd8 48. Kb3 Ra8 49. Ra2 Nb7 50. Rxa3 Rxa3+ {White forfeits on
time} 0-1

[Event "ICC tourney 2087 (3 2)"]
[Site "Internet Chess Club"]
[Date "2020.10.30"]
[Round "10"]
[White "Openyagami"]
[Black "jsl1996"]
[Result "0-1"]
[ICCResult "White forfeits on time"]
[WhiteElo "2727"]
[BlackElo "2279"]
[Opening "English: Neo-Catalan declined"]
[ECO "A14"]
[NIC "RE.08"]
[Time "22:14:11"]
[TimeControl "180+2"]

1. Nf3 Nf6 2. c4 e6 3. g3 d5 4. Bg2 Be7 5. O-O O-O 6. b3 b6 7. Bb2 Bb7 8. e3
c5 9. Qe2 Qc8 10. Nc3 Rd8 11. Rac1 d4 12. exd4 cxd4 13. Nb5 d3 14. Qe3 Nc6
15. Ne5 Nxe5 16. Qxe5 Bxg2 17. Kxg2 a6 18. Nc3 Qb7+ 19. f3 Bd6 20. Qg5 h6
21. Qh4 Be7 22. Ne4 Ne8 23. Qh5 Rac8 24. Qe5 Qd7 25. Rfe1 b5 26. c5 f6 27.
Qh5 f5 28. Nf2 Bxc5 29. Qg6 Rc6 30. Be5 Rdc8 31. Nh3 Qf7 32. Qxf7+ Kxf7 33.
Nf4 Ba3 34. Rxc6 Rxc6 35. Nxd3 Rc2 36. Bc3 Rxa2 37. Ne5+ Ke7 38. Nc6+ Kd6
39. Nd8 b4 40. Be5+ Kd7 41. Nb7 Rxd2+ 42. Kh3 Rd5 43. f4 g5 44. g4 Rd3+ 45.
Kg2 Rd2+ 46. Kf3 Rd5 47. h4 Kc8 {White forfeits on time} 0-1

[Event "ICC tourney 2087 (3 2)"]
[Site "Internet Chess Club"]
[Date "2020.10.30"]
[Round "10"]
[White "helavir"]
[Black "kurumania"]
[Result "0-1"]
[ICCResult "White forfeits on time"]
[WhiteElo "2253"]
[BlackElo "2747"]
[Opening "Van't Kruijs opening"]
[ECO "A00"]
[Time "22:14:29"]
[TimeControl "180+2"]

1. e3 d6 2. d4 e6 3. c4 d5 4. Nc3 Nf6 5. Nf3 Be7 6. b3 O-O 7. Bb2 b6 8. Bd3
Bb7 9. O-O dxc4 10. Bxc4 c5 11. Qe2 cxd4 12. Nxd4 Nbd7 13. Rfd1 a6 14. e4
Qc7 15. Rac1 b5 16. Nxe6 fxe6 17. Bxe6+ Kh8 18. Nd5 Qd6 19. Nxf6 Qxe6 20.
Nxd7 Rfd8 21. Ne5 Bf6 22. f4 Rxd1+ 23. Rxd1 Rd8 24. Rxd8+ Bxd8 25. Bd4 Kg8
26. Kf2 Bh4+ 27. Kg1 Be7 28. Qc2 Qd6 29. Be3 h6 30. Qb1 Qc7 31. Qd3 Qa5 32.
Nf3 Qxa2 33. Qd7 Qb1+ 34. Kf2 Qxe4 35. Bd4 Bf8 36. Kg3 Qg6+ 37. Kf2 Qc2+ 38.
Kg3 Qg6+ 39. Kf2 Qe4 40. Be5 Bd5 41. Kg3 Bxb3 42. Qe6+ Bxe6
{White forfeits on time}
0-1

[Event "ICC tourney 2087 (3 2)"]
[Site "Internet Chess Club"]
[Date "2020.10.30"]
[Round "10"]
[White "DarwinLaylo01"]
[Black "MrNormalName"]
[Result "1-0"]
[ICCResult "Black checkmated"]
[WhiteElo "1762"]
[BlackElo "1869"]
[Opening "English: Mikenas-Carls, Flohr variation"]
[ECO "A18"]
[NIC "EO.57"]
[Time "22:15:02"]
[TimeControl "180+2"]

1. c4 e6 2. Nc3 Nf6 3. e4 d5 4. e5 d4 5. exf6 dxc3 6. bxc3 Qxf6 7. Nf3 b6 8.
Bd3 Bb7 9. Qe2 Bxf3 10. gxf3 Nd7 11. Be4 Rd8 12. d4 Bd6 13. Rg1 h6 14. f4
O-O 15. Qg4 Kh8 16. Kf1 Rg8 17. Be3 Qe7 18. Qh3 Qf6 19. Rg4 Nf8 20. Ke2 Ng6
21. Bxg6 fxg6 22. Rag1 Qf5 23. Qh4 Qc2+ 24. Kf3 Kh7 25. Rxg6 Qxg6 26. Rxg6
Kxg6 27. Qg4+ Kf7 28. d5 Rge8 29. dxe6+ Rxe6 30. Bd4 g6 31. f5 gxf5 32.
Qxf5+ Ke7 33. Qh7+ Ke8 34. h4 Rd7 35. Qg8+ Ke7 36. Bg7 Rd8 37. Qh7 Ke8 38.
Bxh6 Rf6+ 39. Kg2 Rd7 40. Qg8+ Bf8 41. Bg5 Rff7 42. f4 Rd2+ 43. Kf3 Rxa2 44.
h5 Rh2 45. h6 a5 46. Qg6 Rh3+ 47. Kg4 Rh2 48. Qc6+ Rd7 49. Qe6+ Be7 50. h7
a4 51. Qg8+ Bf8 52. h8=Q Rxh8 53. Qxh8 a3 54. Qe5+ Kf7 55. Qf5+ Ke8 56. Qe6+
Be7 57. c5 bxc5 58. f5 Kd8 59. Qg8# {Black checkmated} 1-0

[Event "ICC tourney 2087 (3 2)"]
[Site "Internet Chess Club"]
[Date "2020.10.30"]
[Round "10"]
[White "speedskater"]
[Black "turbopawn"]
[Result "1/2-1/2"]
[ICCResult "Game drawn by repetition"]
[WhiteElo "1965"]
[BlackElo "2561"]
[Opening "King's Indian: orthodox variation"]
[ECO "E94"]
[NIC "KI.15"]
[Time "22:15:00"]
[TimeControl "180+2"]

1. d4 Nf6 2. c4 g6 3. Nc3 Bg7 4. e4 d6 5. Nf3 O-O 6. Be2 e5 7. O-O exd4 8.
Nxd4 Re8 9. f3 c6 10. Kh1 d5 11. cxd5 cxd5 12. Bf4 Nc6 13. Bb5 Bd7 14. Bxc6
bxc6 15. exd5 Nxd5 16. Nxd5 cxd5 17. Bg3 Qb6 18. Nb3 Bb5 19. Re1 Rxe1+ 20.
Qxe1 Bxb2 21. Rb1 Bg7 22. Bf2 Qa6 23. Nc5 Qc6 24. Nb3 Bc4 25. Nd4 Qa4 26.
Rb7 Re8 27. Qd2 Qa6 28. Rb1 Qxa2 29. Qxa2 Bxa2 30. Ra1 Rb8 31. h4 Rb1+ 32.
Rxb1 Bxb1 33. Nc6 a5 34. Nxa5 d4 35. Nb3 d3 36. Be3 Kf8 37. Kg1 Bc2 38. Nd2
Ke7 39. Kf2 Ke6 40. g3 h5 41. Ne4 Kd5 42. Bd2 Bd4+ 43. Kg2 Ba4 44. Nc3+ Bxc3
45. Bxc3 Kc4 46. Bd2 Kb3 47. Kf2 Kc2 48. Ke1 Bc6 49. f4 Bf3 50. Ba5 Be2 51.
Bd2 Kb3 52. Kf2 Kc4 53. Ke3 Kb3 54. Kf2 Kc2 55. Ke1 Bg4 56. Ba5 Bf5 57. Bd2
Be4 58. Ba5 Bf5 59. Bd2 Kb3 60. Kf2 Kc4 61. Ke3 Kd5 62. Bc3 Kc4 63. Bd2 Bg4
64. Ba5 Be2 65. Bd2 Kd5 66. Ba5 Ke6 67. Bd2 Kf5 68. Bc3 Kg4 69. Kf2 Bf3 70.
Bd2 f6 71. Bc3 f5 72. Bd2 Be2 73. Bc3 Bf3 74. Bd2 Be2 75. Bc3 Bf3 76. Bd2
Be2 77. Bc3 Bf3 {Game drawn by repetition} 1/2-1/2

[Event "ICC tourney 2087 (3 2)"]
[Site "Internet Chess Club"]
[Date "2020.10.30"]
[Round "11"]
[White "funplaychess"]
[Black "Ben2008"]
[Result "1-0"]
[ICCResult "Black resigns"]
[WhiteElo "1683"]
[BlackElo "1443"]
[Opening "QGD: exchange, positional line"]
[ECO "D35"]
[NIC "QO.16"]
[Time "22:27:21"]
[TimeControl "180+2"]

1. d4 d5 2. c4 e6 3. Nc3 Nf6 4. cxd5 exd5 5. Bg5 Be7 6. e3 h6 7. Bxf6 Bxf6
8. Qc2 O-O 9. Bd3 c6 10. Nf3 Nd7 11. O-O Re8 12. b4 a6 13. a4 Nf8 14. b5
axb5 15. axb5 Rxa1 16. Rxa1 Bd7 17. bxc6 bxc6 18. Na4 Ne6 19. Nd2 Qa5 20.
Nb3 Qb4 21. Nac5 Nxc5 22. Nxc5 Be6 23. Nxe6 Rxe6 24. Ra8+ {Black resigns}
1-0

[Event "ICC tourney 2087 (3 2)"]
[Site "Internet Chess Club"]
[Date "2020.10.30"]
[Round "11"]
[White "jsl1996"]
[Black "manest"]
[Result "0-1"]
[ICCResult "White resigns"]
[WhiteElo "2279"]
[BlackElo "2689"]
[Opening "Philidor: Improved Hanham variation"]
[ECO "B07"]
[NIC "PU.08"]
[Time "22:27:25"]
[TimeControl "180+2"]

1. d4 d6 2. e4 Nf6 3. Nc3 e5 4. Nf3 Nbd7 5. Bc4 Be7 6. O-O O-O 7. a4 c6 8.
h3 a5 9. Re1 Nb6 10. Bf1 exd4 11. Qxd4 d5 12. e5 Ne8 13. Qf4 Nc7 14. Qg3 Ne6
15. h4 Kh8 16. h5 h6 17. Bd2 Qc7 18. Rad1 f5 19. Nh4 Bxh4 20. Qxh4 d4 21.
Ne2 c5 22. b3 Nd5 23. c4 Qe7 24. Qg3 Ndc7 25. f4 Bd7 26. Nc1 Bc6 27. Nd3 Qf7
28. Be2 Rg8 29. Bf3 Bxf3 30. Qxf3 Rgb8 31. Kh2 g6 32. g4 gxh5 33. gxh5 Rg8
34. Rg1 Rg4 35. Rxg4 fxg4 36. Kg3 gxf3 {White resigns} 0-1

[Event "ICC tourney 2087 (3 2)"]
[Site "Internet Chess Club"]
[Date "2020.10.30"]
[Round "11"]
[White "jy2020"]
[Black "Openyagami"]
[Result "0-1"]
[ICCResult "White resigns"]
[WhiteElo "1727"]
[BlackElo "2727"]
[Opening "Sicilian: Labourdonnais-Löwenthal (Kalashnikov) variation"]
[ECO "B32"]
[NIC "SI.32"]
[Time "22:26:36"]
[TimeControl "180+2"]

1. e4 c5 2. Nf3 Nc6 3. d4 cxd4 4. Nxd4 e5 5. Nb5 d6 6. N1c3 a6 7. Na3 b5 8.
Nd5 Nge7 9. c4 Nxd5 10. exd5 Nd4 11. cxb5 g6 12. bxa6 Bg7 13. Bc4 O-O 14.
O-O e4 15. Be3 Nf5 16. Qc2 Qh4 17. g3 Qh3 18. Qxe4 Bxb2 19. Nc2 Bxa1 20.
Rxa1 Bxa6 21. Bxa6 Rxa6 22. a4 Rfa8 23. Bf4 Ng7 24. Qb4 Qd7 25. a5 Qc7 26.
Nd4 Rxa5 27. Rxa5 Qxa5 28. Bxd6 Qxd5 29. f3 Ne6 30. Nxe6 Qxe6 31. Bf4 Qe2
32. Qc3 Rd8 {White resigns} 0-1

[Event "ICC tourney 2087 (3 2)"]
[Site "Internet Chess Club"]
[Date "2020.10.30"]
[Round "11"]
[White "speedskater"]
[Black "Alec-hine"]
[Result "1-0"]
[ICCResult "Black checkmated"]
[WhiteElo "1971"]
[BlackElo "1708"]
[Opening "Grünfeld: Russian, Prins variation"]
[ECO "D97"]
[NIC "GI.10"]
[Time "22:26:47"]
[TimeControl "180+2"]

1. d4 Nf6 2. c4 g6 3. Nc3 d5 4. Nf3 Bg7 5. Qb3 dxc4 6. Qxc4 O-O 7. e4 Na6 8.
Be2 c5 9. d5 e6 10. O-O exd5 11. exd5 Bf5 12. Rd1 Re8 13. d6 Ne4 14. d7 Re7
15. Nxe4 Rxe4 16. Bg5 Bf6 17. Bxf6 Qxf6 18. Qc3 Qb6 19. Bd3 Re6 20. Bxf5
gxf5 21. Rd5 Rd8 22. Rad1 Rf6 23. Qe5 Qe6 24. Qf4 Nb4 25. Rd6 Qe4 26. Qg5+
Rg6 27. Qxd8+ Kg7 28. Rxg6+ hxg6 29. Qe8 Qc2 30. d8=Q Qxd1+ 31. Qxd1 Nd5 32.
Qxd5 Kf6 33. Qdxf7# {Black checkmated} 1-0

[Event "ICC tourney 2087 (3 2)"]
[Site "Internet Chess Club"]
[Date "2020.10.30"]
[Round "11"]
[White "clair"]
[Black "MrNormalName"]
[Result "0-1"]
[ICCResult "White resigns"]
[WhiteElo "1226"]
[BlackElo "1870"]
[Opening "Queen's pawn: London system"]
[ECO "A45"]
[NIC "QP.07"]
[Time "22:27:32"]
[TimeControl "180+2"]

1. d4 Nf6 2. Bf4 d5 3. e3 c5 4. c3 Nc6 5. Nd2 e6 6. Ngf3 Bd6 7. Ne5 Qc7 8.
Ndf3 O-O 9. Bd3 Ne4 10. O-O f6 11. Nxc6 Bxf4 12. exf4 bxc6 13. dxc5 Nxc5 14.
Bc2 Qxf4 15. Re1 e5 16. b4 Nb7 17. Qd3 Qh6 18. Qe3 Qxe3 19. Rxe3 Bg4 20. h3
Bxf3 21. Rxf3 a5 22. a3 Nd6 23. Bb3 Rfb8 24. Re3 axb4 25. cxb4 Rxb4 26. axb4
Rxa1+ 27. Kh2 Ra6 28. b5 Nxb5 29. f4 Nd4 30. Bd1 exf4 31. Rc3 Kf7 32. Bg4 f5
33. Bd1 Ra1 34. Bf3 Nxf3+ 35. gxf3 Ra2+ 36. Kg1 Ra6 37. Kf2 Ke6 38. h4 Ra2+
39. Kg1 Kd6 40. h5 d4 41. Ra3 Rxa3 {White resigns} 0-1

[Event "ICC tourney 2087 (3 2)"]
[Site "Internet Chess Club"]
[Date "2020.10.30"]
[Round "11"]
[White "TjkTiger"]
[Black "turbopawn"]
[Result "1-0"]
[ICCResult "Black resigns"]
[WhiteElo "2399"]
[BlackElo "2537"]
[Opening "King's Indian: fianchetto, Simagin variation"]
[ECO "E62"]
[NIC "KI.72"]
[Time "22:27:23"]
[TimeControl "180+2"]

1. c4 Nf6 2. Nc3 g6 3. g3 Bg7 4. Bg2 O-O 5. d4 d6 6. Nf3 Nc6 7. O-O Bg4 8.
d5 Na5 9. b3 c5 10. Bd2 a6 11. h3 Bd7 12. e4 b5 13. e5 Ne8 14. e6 fxe6 15.
dxe6 Bc6 16. Nd5 Bxd5 17. cxd5 b4 18. Ng5 Nc7 19. Nf7 Qe8 20. a3 Bxa1 21.
Nh6+ Kg7 22. Qxa1+ Rf6 23. Ng4 h5 24. Nxf6 exf6 25. Qa2 c4 26. bxc4 b3 27.
Qb1 Nxc4 28. Rc1 Qb5 29. a4 Nxd2 30. Rxc7+ Kh6 31. Qb2 Qd3 32. Qxf6 Rg8 33.
e7 Qb1+ 34. Kh2 b2 35. Qf8+ {Black resigns} 1-0

[Event "ICC tourney 2087 (3 2)"]
[Site "Internet Chess Club"]
[Date "2020.10.30"]
[Round "11"]
[White "kurumania"]
[Black "challenger2010"]
[Result "1-0"]
[ICCResult "Black resigns"]
[WhiteElo "2747"]
[BlackElo "1925"]
[Opening "Sicilian: dragon, classical, 9.Nb3"]
[ECO "B74"]
[NIC "SI.15"]
[Time "22:26:48"]
[TimeControl "180+2"]

1. e4 c5 2. Nf3 d6 3. d4 cxd4 4. Nxd4 Nf6 5. Nc3 g6 6. Be2 Bg7 7. Be3 O-O 8.
O-O Nc6 9. Nb3 Be6 10. f4 a5 11. a4 Rc8 12. Kh1 Nb4 13. Nd4 Bc4 14. Bd3 e5
15. Ndb5 exf4 16. Bxf4 Nh5 17. Bxd6 Re8 18. Bxc4 Rxc4 19. Qf3 Qd7 20. Bxb4
axb4 21. Rad1 Qe6 22. Rd6 Qe7 23. Nd5 Qxe4 24. Qxf7+ Kh8 25. Rd7 Rxc2 26.
Ne3 Qxe3 27. Nd6 Rc1 28. Nxe8 Rxf1+ 29. Qxf1 Qxe8 30. Rxb7 Bxb2 31. Rxb4 Be5
32. Re4 Kg7 33. Qe1 Kf6 34. g4 Qc6 35. gxh5 Kf5 36. Qf1+ Ke6 37. Qh3+ Kd6
38. Qd3+ Ke6 39. Qc4+ Qxc4 40. Rxc4 {Black resigns} 1-0

[Event "ICC tourney 2087 (3 2)"]
[Site "Internet Chess Club"]
[Date "2020.10.30"]
[Round "11"]
[White "gdavis23"]
[Black "Goran21"]
[Result "1-0"]
[ICCResult "Black resigns"]
[WhiteElo "1781"]
[BlackElo "1851"]
[Opening "Sicilian: Canal-Sokolsky (Nimzovich-Rossolimo, Moscow) attack"]
[ECO "B51"]
[NIC "SI.01"]
[Time "22:26:44"]
[TimeControl "180+2"]

1. e4 c5 2. Nf3 d6 3. Bb5+ Nc6 4. Bxc6+ bxc6 5. O-O e5 6. h3 Nf6 7. Re1 Be7
8. c3 O-O 9. d4 cxd4 10. cxd4 Qc7 11. dxe5 dxe5 12. Nc3 h6 13. Be3 Be6 14.
Qa4 Rfb8 15. Re2 Rb4 16. Qc2 Rab8 17. b3 a5 18. Bd2 R4b7 19. Na4 Nd7 20. Rc1
Ba3 21. Rd1 c5 22. Be3 c4 23. bxc4 Rb4 24. c5 Rc4 25. Nc3 Bxc5 26. Qd3 Bxe3
27. Rxe3 Nc5 28. Qe2 Rc8 29. Nb5 Qb8 30. Nd6 Nd7 31. Nxc4 Bxc4 32. Qd2 Be6
33. Qxa5 Rc5 34. Qa3 Qb6 35. Red3 Ra5 36. Qd6 Qa7 37. R1d2 Nf6 38. Re3 Ra4
39. Qxe5 Qa8 40. Red3 Kh7 41. Rd8 Qa7 42. R8d4 Ra5 43. Qf4 Nd7 44. e5 Nf8
45. Qe4+ Ng6 46. h4 Kg8 47. Rd8+ Nf8 48. Qb4 Kh7 49. Qxf8 Kg6 50. h5+ Kxh5
51. Qxg7 Ra4 52. Rh8 Qe3 53. fxe3 {Black resigns} 1-0